 Dungeon Crawl Stone Soup version 0.23.2-11-gf996548c65 (webtiles) character file.

Game seed: 15864454345653677897

140 MalarOregon the Ruffian (level 5, -4/45 HPs)
             Began as a Ghoul Warper on June 5, 2019.
             Slain by Sigmund
             ... wielding a +0 scythe
              (12 damage)
             ... on level 3 of the Dungeon.
             The game lasted 00:04:40 (2056 turns).

MalarOregon the Ruffian (Ghoul Warper)              Turns: 2056, Time: 00:04:40

Health: -4/45      AC:  4    Str: 15    XL:     5   Next: 22%
Magic:  7/7        EV: 11    Int:  8    God:
Gold:   119        SH:  3    Dex:  9    Spells: 8/8 levels left

rFire    . . .     SeeInvis .     - Unarmed
rCold    + . .     Gourm    .   h - +0 buckler
rNeg     + + +     Faith    .   a - +0 leather armour
rPois    ∞         Spirit   .   r - +0 helmet
rElec    .         Reflect  .   (no cloak)
rCorr    .         Harm     .   (no gloves)
MR       .....                  (no boots)
Stlth    +.........             (no amulet)
HPRegen  0.00/turn              (no ring)
MPRegen  0.10/turn              (no ring)

@: rotting
A: rotting body, claws 1, carnivore, cold resistance 1, negative energy
resistance 3, inhibited regeneration, torment resistance, unbreathing
a: no special abilities


You were on level 3 of the Dungeon.
You were not hungry.

You visited 1 branch of the dungeon, and saw 3 of its levels.

You collected 119 gold pieces.

Inventory:

Missiles
 d - 5 tomahawks of dispersal {!f}
 k - 55 stones (quivered)
 l - a throwing net {!f}
 s - 14 poisoned needles
Armour
 a - a +0 leather armour (worn)
 h - a +0 buckler (worn)
   (You found it on level 2 of the Dungeon)
 r - a +0 helmet (worn)
   (You took it off Robin on level 1 of the Dungeon)
Scrolls
 b - 2 scrolls of teleportation {unknown}
 c - 2 scrolls of blinking
 f - 2 scrolls of fear {unknown}
 g - a scroll of fog {unknown}
 p - a scroll of amnesia {unknown}
Potions
 i - a potion of brilliance {unknown}
 j - a potion of resistance {unknown}
 m - a potion of ambrosia {unknown}
 n - a potion of curing {unknown}
 o - 2 potions of berserk rage {unknown}
 t - a potion of flight {unknown}
 u - a potion of agility {unknown}
 v - a potion of haste {@q3}
 w - a potion of lignification {unknown}
 x - a potion of might {unknown}
Comestibles
 e - 7 rations {!d}
 q - 4 chunks of flesh


   Skills:
 + Level 3.0 Fighting
 + Level 1.5 Throwing
 + Level 1.7 Armour
 + Level 2.3 Dodging
 + Level 0.6 Shields
 * Level 3.8 Unarmed Combat
 - Level 2.0 Spellcasting
   Level 2.6 Translocations


You had 8 spell levels left.
You didn't know any spells.
Your spell library contained the following spells:

 Spells                   Type           Power        Failure   Level  Hunger
 Blink                    Tloc           N/A          34%         2    ###....
 Shroud of Golubria       Chrm/Tloc      #.........   52%         2    ###....
 Gell's Gravitas          Tloc           #.........   56%         3    ####...
 Lesser Beckoning         Tloc           #.........   56%         3    ####...
 Teleport Other           Tloc           #.......     56%         3    ####...
 Passage of Golubria      Tloc           N/A          92%         4    #####..


Dungeon Overview and Level Annotations

Branches:
Dungeon (3/15)

Altars:

Annotations:
D:3 Sigmund


Innate Abilities, Weirdness & Mutations

Your body is rotting away.
You thrive on raw meat.
You are immune to poison.
You have sharp fingernails.
You are carnivorous and can eat meat at any time.
Your flesh is cold resistant. (rC+)
You are immune to negative energy. (rN+++)
You do not regenerate when monsters are visible.
You are immune to unholy pain and torment.
You can survive without breathing.


Message History

You kill the hobgoblin!
Your Fighting skill increases to level 3!
The goblin misses you. The giant cockroach bites you. The adder misses you.
You closely miss the adder. The goblin closely misses you.
The giant cockroach closely misses you. You block the adder's attack.
You scratch the adder.
The giant cockroach bites you but does no damage.
The adder bites you but does no damage. The goblin hits you but does no damage.
Sigmund hits you from afar with a +0 scythe.
You closely miss the adder. The giant cockroach closely misses you.
The adder barely misses you. Sigmund closely misses you.
The goblin hits you but does no damage.
You closely miss the adder. You block the giant cockroach's attack.
The adder bites you.
Sigmund hits you from afar with a +0 scythe.
The goblin closely misses you. You block the giant cockroach's attack.
The adder bites you but does no damage.
You completely miss the adder. The adder bites you but does no damage.
Sigmund hits you from afar with a +0 scythe!
The giant cockroach barely misses you.
The goblin hits you with a cursed -3 club.
You barely miss the adder. The adder barely misses you.
The giant cockroach closely misses you.
Sigmund hits you from afar with a +0 scythe.
You scratch the adder. The goblin barely misses you. The adder misses you.
The giant cockroach bites you.
* * * LOW HITPOINT WARNING * * *
You block Sigmund's attack.
You closely miss the adder. The adder bites you but does no damage.
The giant cockroach closely misses you. The goblin barely misses you.
Sigmund completely misses you. The adder bites you.
* * * LOW HITPOINT WARNING * * *
You barely miss the adder. The giant cockroach barely misses you.
The goblin misses you. The adder bites you.
* * * LOW HITPOINT WARNING * * *
Sigmund mumbles some strange words.
Sigmund flickers and vanishes!
Deactivating autopickup; reactivate with Ctrl-A.
The giant cockroach closely misses you.
You barely miss the adder. The adder bites you.
* * * LOW HITPOINT WARNING * * *
The goblin hits you with a cursed -3 club.
* * * LOW HITPOINT WARNING * * *
Something hits you.
* * * LOW HITPOINT WARNING * * *
The giant cockroach bites you but does no damage.
You scratch the adder.
You kill the adder!
Something hits you!
You die...

#######.##### #.# #.#
##+## # ##...## #####.#
##.....## ....... #
##.......## ....>..
####.........####.......
..)'.........+.)@g......
.###.........#.##s{.....
.# ##........#.......#.#
.# ##.....#..g#####..##
.# ##...##....## g...#
.# ##+###.#...#...#.# .#
#..##..?..# # .#
#..###%.?## ...# .....#


You could see a giant cockroach and a goblin.

Vanquished Creatures
  Jessica (D:2)
  Robin (D:1)
  3 adders
  A worm (D:2)
  A dart slug (D:1)
  4 leopard geckos
  An orc (D:3)
  4 giant cockroaches (D:1)
  11 hobgoblins
  7 kobolds
  A quokka (D:2)
  A ball python (D:1)
  5 bats
  2 frilled lizards (D:1)
  15 goblins
  6 rats
64 creatures vanquished.

Notes
Turn   | Place    | Note
-------+----------+-------------------------------------------
     0 | D:1      | MalarOregon the Ghoul Warper began the quest for the Orb.
     0 | D:1      | Reached XP level 1. HP: 17/17 MP: 2/2
    46 | D:1      | Reached skill level 1 in Armour
   202 | D:1      | Reached skill level 1 in Throwing
   342 | D:1      | Reached XP level 2. HP: 23/24 MP: 3/3
   548 | D:1      | Reached XP level 3. HP: 27/30 MP: 4/4
  1234 | D:2      | Noticed Robin
  1288 | D:2      | Reached XP level 4. HP: 20/37 MP: 6/6
  1422 | D:1      | Killed Robin
  1624 | D:2      | Noticed Jessica
  1632 | D:2      | Killed Jessica
  1632 | D:2      | Reached XP level 5. HP: 20/44 MP: 7/7
  2043 | D:3      | Noticed Sigmund
  2056 | D:3      | Slain by Sigmund

Skill      XL: |  1  2  3  4  5 |
---------------+----------------+-----
Armour         | 1 |  1.7
Throwing       | 1 |  1.5
Dodging        | 2 |  2.3
Spellcasting   | 2 |  2.0
Unarmed Combat | 3 |  3.8
Fighting       | 3 |  3.0
Shields        | |  0.6
Translocations | |  2.6

Action                   |  1- 3 |  4- 6 || total
-------------------------+-------+-------++-------
Melee: Unarmed           |   141 |   116 ||   257
Throw: Stone             |    10 |       ||    10
  Eat: Chunk             |     4 |    21 ||    25
Armor: Leather armour    |    36 |    30 ||    66
Dodge: Dodged            |    76 |    82 ||   158
Block: Buckler           |     4 |    25 ||    29
